Map: Frost LE

Players

Miszu - Winner!

  • Race: Terran Terran
  • League: Master

SethN

  • Race: Protoss Protoss
  • League: Master

VOD

Have the link to the VOD?

Description

Time

  • Played on: June 26, 2016, 8:55 a.m.
  • Length: 8:35
Show
View Real Time Build Order
Export as new Build Order

Miszu Terran - Winner!

Build Orders: MMM Bio 

Get SALT Encoding   

  12  0:00  SCV  
  13  0:13  SCV  
  14  0:17  Supply Depot  
  14  0:25  SCV  
  15  0:39  SCV  
  15  0:40  Barracks  
  16  0:51  SCV  
  17  1:03  SCV  
  18  1:15  SCV  
  19  1:20  Command Center  
  19  1:27  Marine  
  19  1:32  Orbital Command  
  20  1:45  Barracks  
  20  1:47  Marine  
  20  1:52  Supply Depot  
  21  1:58  SCV  
  22  2:05  Marine  
  23  2:10  Barracks  
  23  2:14  SCV  
  24  2:17  Refinery  
  24  2:20  Refinery  
  24  2:26  SCV  
  24  2:28  Marine  
  26  2:31  Marine  
  27  2:39  Orbital Command  
  27  2:41  SCV  
  28  2:47  Marine  
  28  2:50  Marine  
  30  2:53  SCV  
  31  2:58  Barracks Tech Lab  
  31  3:05  Marine, SCV x2  
  34  3:08  Marine  
  34  3:12  Supply Depot  
  35  3:17  SCV, Stimpack  
  35  3:18  Marine  
  35  3:19  SCV  
  38  3:29  SCV  
  38  3:31  SCV  
  38  3:32  Bunker  
  40  3:35  Marine x2  
  40  3:37  Marine  
  40  3:41  SCV  
  44  3:42  Supply Depot  
  44  3:43  SCV  
  45  3:53  Marine, SCV  
  45  3:55  Marine, SCV  
  48  3:57  Factory  
  48  3:59  Marauder  
  51  4:05  SCV  
  51  4:08  SCV  
  53  4:10  Supply Depot, Refinery  
  53  4:15  Engineering Bay  
  53  4:17  SCV  
  53  4:19  Marine  
  53  4:20  Marine, SCV  
  53  4:23  Marauder  
  59  4:29  SCV  
  60  4:32  Supply Depot, SCV  
  60  4:38  Marine x2  
  61  4:42  Starport, SCV  
  61  4:43  Factory Reactor  
  61  4:44  SCV  
  62  5:00  SCV x2  
  62  5:01  Marine x2, Marauder  
  67  5:08  Supply Depot  
  67  5:12  SCV x2  
  67  5:13  Command Center  
  69  5:17  Liberator  
  69  5:18  Liberator  
  69  5:19  Marine  
  64  5:24  SCV  
  64  5:26  Marine, Marauder  
  63  5:32  Combat Shields  
  70  5:37  Marine  
  70  5:41  Refinery  
  70  5:43  Factory Reactor  
  70  5:44  Marine  
  70  5:48  Barracks  
  70  5:49  Barracks  
  71  5:50  Marauder  
  71  5:51  SCV  
  71  5:52  SCV  
  75  5:59  Barracks Reactor  
  75  6:00  Supply Depot  
  75  6:02  Barracks Tech Lab  
  75  6:05  SCV x2  
  75  6:07  Terran Infantry Weapons Level 1  
  75  6:08  Liberator x2  
  77  6:18  Missile Turret  
  77  6:22  Missile Turret  
  77  6:23  Marauder  
  82  6:27  Orbital Command  
  77  6:51  Marine x2, Marauder  
  77  6:52  Marine, Marauder  
  83  6:56  Widow Mine  
  83  6:58  Marine  
  84  7:13  Marauder  
  82  7:20  Marine  
  82  7:21  Marauder  
  80  7:30  Marine  
  80  7:34  Marauder  
  80  7:36  Marine  
  79  7:37  Marine, Orbital Command  
  79  7:38  Marine  
  79  7:39  Medivac  
  79  7:42  Marauder  
  85  7:48  Marine  
  85  7:49  Medivac  
  88  7:54  Marine x2  
  88  7:56  Marine, Marauder  
  93  8:01  Widow Mine x2  
  93  8:03  Marauder  
  99  8:05  Marine  
  99  8:09  SCV  
  101  8:14  Supply Depot  
  101  8:18  Supply Depot  
  101  8:21  Engineering Bay  
  101  8:22  Armory  
Show
View Real Time Build Order
Export as new Build Order

SethN Protoss 

Build Orders: 1 Gate Expand 

Get SALT Encoding   

  12  0:00  Probe (Chrono Boost)  
  13  0:11  Probe (Chrono Boost)  
  14  0:23  Pylon, Probe (Chrono Boost)  
  15  0:41  Gateway, Probe (Chrono Boost)  
  16  0:44  Assimilator  
  16  0:52  Probe (Chrono Boost)  
  17  1:02  Probe (Chrono Boost)  
  18  1:13  Probe (Chrono Boost)  
  19  1:22  Nexus  
  19  1:25  Probe (Chrono Boost)  
  20  1:36  Cybernetics Core  
  20  1:40  Probe (Chrono Boost)  
  20  1:44  Assimilator  
  21  1:51  Probe (Chrono Boost)  
  22  1:55  Pylon  
  23  2:01  Probe (Chrono Boost)  
  23  2:14  Mothership Core (Chrono Boost)  
  25  2:16  Warp Gate (Chrono Boost)  
  25  2:28  Robotics Facility  
  25  2:33  Probe (Chrono Boost)  
  26  2:40  Probe (Chrono Boost)  
  27  2:45  Probe (Chrono Boost)  
  27  2:50  Twilight Council, Probe (Chrono Boost)  
  29  3:00  Adept  
  29  3:02  Probe  
  29  3:03  Probe  
  33  3:08  Pylon  
  33  3:12  Probe  
  33  3:17  Warp Prism  
  36  3:26  Resonating Glaives (Chrono Boost)  
  36  3:36  Gateway  
  36  3:37  Gateway  
  36  3:42  Gateway  
  36  4:04  Gateway  
  36  4:06  Gateway  
  36  4:07  Gateway  
  36  4:12  Observer  
  36  4:16  Pylon  
  37  4:17  Adept  
  39  4:30  Adept  
  39  4:31  Adept  
  43  4:38  Observer  
  44  4:51  Adept x4  
  42  5:13  Adept x2  
  42  5:14  Adept x5  
  48  5:19  Warp Prism (Chrono Boost)  
  44  5:28  Adept x4  
  38  5:34  Adept x2  
  38  5:35  Adept  
  50  6:06  Pylon  
  50  6:11  Adept x3  
  50  6:12  Adept x3  
  50  6:16  Pylon  
  62  6:31  Adept x4  
  60  6:47  Warp Prism  
  60  6:51  Adept  
  60  6:52  Adept x2  
  67  7:03  Stalker x2  
  58  7:25  Stalker x3  
  50  7:32  Probe x2  
  40  7:44  Probe x2  
  42  8:05  Probe x2  
  44  8:26  Adept  
  44  8:27  Adept x5  
  48  8:29  Adept  
Tags
 
Composition
MMM Bio
Matchup
PvT
Player
Miszu
Add a new tag
Caveats
  • Supply blocks, unpowered buildings, or Contaminate may cause inaccurate times.
  • Supply counts are checked every 10 seconds.